cohdb
Replays
Latest Replays
All Replays
Popular Replays
Top Player Replays
Match Explorer
How It Works
Community
CoH3 Stats
Reddit
Sign in to upload your games and track your stats! →
Sign in with Steam
Match 43775309
Unlisted
Match 43775309
Overview
Messages
Build Orders
End
Pioneer Squad
Construct Infanterie Kompanie
Grenadier Squad
Grenadier Squad
Construct Panzergrenadier Kompanie
Selects Breakthrough Battlegroup
Selects Assault Grenadiers
Selects Breakthrough
Breakthrough
Panzergrenadier Squad
251 Medium Carrier
Selects Mechanized Assault Group
Mechanized Assault Group
Support Elements
Pak 40 Anti-tank Gun Team
StuG III G Assault Gun
Breakthrough
Grenadier Squad
Grenadier Squad
Construct Luftwaffe Kompanie
Breakthrough
Nebelwerfer 42 Rocket Launcher Team
soldierforwar
Hoeslayer
BUBBA_ACTUAL
JollyRedRockett
0
0
Comments
sign in to comment!
No comments posted yet!